 Dungeon Crawl Stone Soup version 0.19.1 (webtiles) character file.

33079 RKaid the Brawler (level 13, -7/205 HPs)
             Began as a Troll Berserker on Dec 19, 2016.
             Was the Champion of Trog.
             Mangled by a ten-headed hydra (8 damage)
             ... on level 2 of the Lair of Beasts.
             The game lasted 00:27:56 (13002 turns).

RKaid the Brawler (Troll Berserker)                Turns: 13002, Time: 00:27:57

Health: -7/205     AC:  7    Str: 39    XL:     13   Next: 34%
Magic:  12/12      EV: 10    Int:  3    God:    Trog [******]
Gold:   521        SH:  0    Dex: 12    Spells: 0 memorised, 12 levels left

rFire  . . .     SeeInvis .       - Unarmed
rCold  . . .     Gourm    +     D - +0 robe "Ramyguc" {Str+5}
rNeg   . . .     Faith    .     (no shield)
rPois  .         Spirit   .     (helmet restricted)
rElec  .         Reflect  .     q - +1 cloak
rCorr  +         Harm     .     (gloves unavailable)
MR     .....                    (boots unavailable)
Stlth  ..........               (no amulet)
                                (no ring)
                                o - ring of resist corrosion

@: berserking, slowed
A: unfitting armour, claws 3, fast metabolism 3, gourmand, regeneration 1,
shaggy fur 1, tough skin 2
a: Berserk, Trog's Hand, Brothers in Arms, Burn Spellbooks, Renounce Religion


You were on level 2 of the Lair of Beasts.
You worshipped Trog.
Trog was exalted by your worship.
You were full.

You visited 2 branches of the dungeon, and saw 15 of its levels.

You collected 685 gold pieces.
You spent 164 gold pieces at shops.

Inventory:

Hand Weapons
 w - a +1 dagger of speed
   (You found it on level 3 of the Dungeon)
 U - the +1 spear "Paariabi" {venom, rPois Dex+3, unknown}
   (You found it on level 13 of the Dungeon)

   It poisons the flesh of those it strikes.
   It affects your dexterity (+3).
   It protects you from poison.
Missiles
 V - 3 throwing nets {=f}
Armour
 q - a +1 cloak (worn)
   (You found it on level 8 of the Dungeon)
 D - the +0 robe "Ramyguc" (worn) {Str+5}
   (You found it on level 5 of the Dungeon)

   It affects your strength (+5).
 H - the +3 hat of Pondering {ponderous, MR+ MP+10 Int+5}
   (You took it off Gastronok on level 8 of the Dungeon)

   It affects your intelligence (+5).
   It affects your resistance to hostile enchantments.
   It affects your magic capacity (+10).
Jewellery
 o - a ring of resist corrosion (left claw)
   (You found it on level 2 of the Dungeon)
Wands
 x - a wand of disintegration (7/24)
   (You found it on level 9 of the Dungeon)
 y - a wand of disintegration (6/24)
   (You found it on level 6 of the Dungeon)
 z - a wand of acid (6/15)
   (You found it on level 7 of the Dungeon)
 A - a wand of iceblast (15/15)
   (You found it on level 4 of the Dungeon)
 C - a wand of polymorph (18/24)
   (You found it on level 6 of the Dungeon)
 I - a wand of slowing (31/48)
   (You found it on level 9 of the Dungeon)
 J - a wand of digging (8/24)
   (You found it on level 9 of the Dungeon)
Scrolls
 a - 3 scrolls of immolation {!r}
 c - 2 scrolls of enchant weapon
 g - 2 scrolls of blinking {!r}
 i - 4 scrolls of identify
 k - a scroll of fog
 l - 5 scrolls of enchant armour
 m - 7 scrolls of remove curse
 u - 2 scrolls of magic mapping {!r}
 v - a scroll of teleportation
 K - a scroll of noise {unknown}
 N - a scroll of fear {unknown}
 Q - a scroll of acquirement {unknown}
 T - 3 scrolls of recharging
Potions
 d - 6 potions of flight
 e - a potion of resistance
 h - 4 potions of brilliance
 j - a potion of cancellation
 n - a potion of haste {unknown}
 p - 7 potions of curing
 r - a potion of heal wounds
 s - 2 potions of lignification {!q}
 B - a potion of beneficial mutation
 F - 3 potions of magic
 G - 3 potions of mutation {unknown}
 R - a potion of ambrosia {unknown}
 S - a potion of invisibility {unknown}
Books
 P - a book of Power
   (You found it on level 11 of the Dungeon)
Miscellaneous
 O - a phantom mirror
Comestibles
 b - 10 bread rations
 f - 9 meat rations
 t - 4 beef jerkies
 E - 2 royal jellies
 L - 12 fruits
 M - 6 slices of pizza


   Skills:
 + Level 11.4 Fighting
 - Level 2.4 Dodging
 * Level 17.8 Unarmed Combat


You had 12 spell levels left.
You didn't know any spells.

Dungeon Overview and Level Annotations

Branches:
Dungeon (13/15)            Temple (0/1) D:7            Lair (2/6) D:10
    Orc (0/2) D:12         Vaults (0/5) D:13
  Swamp: Lair:2-4    Shoals: Lair:2-4     Snake: Lair:2-4    Spider: Lair:2-4

Altars:
Ashenzari
Dithmenos
Fedhas
Hepliaklqana
Okawaru
Ru
Sif Muna
Trog

Shops:
D:5 !*(   D:9 [


Innate Abilities, Weirdness & Mutations

You are too large for most types of armour.
You have claws for hands.
Your metabolism is lightning-fast.
You like to eat raw meat.
Your natural rate of healing is unusually fast.
You are covered in fur. (AC +1)
You have very tough skin. (AC +2)


Message History

You start eating one of the 3 chunks of flesh.
You feel sick.
This raw flesh tastes great.
You feel sick. x10
Some of the chunks of flesh in your inventory have rotted away.
You feel sick. x3
You are no longer poisoned.
You start resting.
You feel yourself speed up.
You start resting.
You feel less exhausted.
You start resting.
Eating a chunk of flesh.
You start eating the chunk of flesh.
This raw flesh tastes great.
You start waiting.
A basilisk comes up the stairs.
A basilisk is nearby!
A basilisk is nearby!
A basilisk is nearby!
The basilisk hisses angrily.
The basilisk bites you but does no damage.
There is a stone staircase leading down here.
You claw the basilisk! Your claw misses the basilisk.
You closely miss the basilisk. You claw the basilisk!
The basilisk gazes at you.
You easily resist.
You scratch the basilisk but do no damage.
The basilisk misses you.
You scratch the basilisk. You eviscerate the basilisk!!!
You kill the basilisk!
Trog accepts your kill.
You see here a basilisk corpse.
There is a stone staircase leading down here.
You see here a yak skeleton.
A basilisk comes into view.
A basilisk is nearby!
A basilisk is nearby!
A basilisk is nearby!
A basilisk is nearby!
Found an escape hatch in the floor.
Found a stone staircase leading up.
The basilisk hisses angrily.
The basilisk gazes at you.
You easily resist.
Marking area around the seven-headed hydra as unsafe for travelling.
A seven-headed hydra comes into view.
The seven-headed hydra roars!
The basilisk gazes at you.
You are slowing down.
As you read the scroll of teleportation, it crumbles to dust.
You feel strangely unstable. The basilisk bites you.
Your limbs are stiffening.
Your surroundings suddenly seem different.
You have turned to stone.
You turn to flesh and can move again.
G - 3 metallic dark potions (gained 2)
A seven-headed hydra is nearby!
Being near the torpor snail leaves you feeling lethargic.
A torpor snail comes into view.
The seven-headed hydra roars!
You hear an angry hiss.
You rip one of the seven-headed hydra's heads off!
The six-headed hydra grows two more!
You claw the eight-headed hydra! The eight-headed hydra bites you.
The eight-headed hydra bites you! The eight-headed hydra bites you. x3
The eight-headed hydra barely misses you.
The eight-headed hydra bites you.
The eight-headed hydra barely misses you.
A red film seems to cover your vision as you go berserk!
You feel yourself moving faster!
You feel mighty!
The eight-headed hydra bites you! x3; The eight-headed hydra bites you.
The eight-headed hydra bites you!
The eight-headed hydra barely misses you.
The eight-headed hydra bites you. The eight-headed hydra bites you!
The torpor snail barely misses you. The eight-headed hydra bites you!
The eight-headed hydra bites you. x2; The eight-headed hydra bites you!
The eight-headed hydra bites you but does no damage.
The eight-headed hydra bites you! The eight-headed hydra bites you.
The eight-headed hydra bites you!
* * * LOW HITPOINT WARNING * * *
You barely miss the eight-headed hydra. The eight-headed hydra bites you.
* * * LOW HITPOINT WARNING * * *
The eight-headed hydra bites you.
* * * LOW HITPOINT WARNING * * *
The eight-headed hydra bites you!
* * * LOW HITPOINT WARNING * * *
The eight-headed hydra bites you!
* * * LOW HITPOINT WARNING * * *
The eight-headed hydra bites you but does no damage. x2
The eight-headed hydra bites you!
* * * LOW HITPOINT WARNING * * *
The eight-headed hydra bites you!
* * * LOW HITPOINT WARNING * * *
The torpor snail bites you!
* * * LOW HITPOINT WARNING * * *
You claw one of the eight-headed hydra's heads off!
The seven-headed hydra grows two more!
You mangle the nine-headed hydra!!
You rip one of the nine-headed hydra's heads off!
The eight-headed hydra grows two more!
You eviscerate the ten-headed hydra!!! The ten-headed hydra bites you!
* * * LOW HITPOINT WARNING * * *
The ten-headed hydra bites you!
You die...

...D..l.......###....#
...##.##.......#.#.###
####.............# #..
.................÷ ....
..>..l.........#.÷<
...D##..P..........##÷.
##..###..#.......#..##.#
#...##.Dw.(.........##.#
#P..#.#@.P..#.......?..#
#...........#...........
##.........:............
#....................##.
##..##....P........... .
##...##...#.... ..... .
#...###.......!
#P...#.........
##..#........


You could see a ten-headed hydra, a torpor snail and a basilisk.

Vanquished Creatures
  Gastronok (D:8)
  Harold (Lair:1)
  3 vault guards (D:13)
  2 hydras
  A tengu warrior (D:10)
  An unseen horror (D:13)
  A wizard (D:13)
  Pikel (D:6)
  3 hill giants
  2 ugly things (D:11)
  A deep elf mage (D:13)
  A necromancer (D:13)
  3 manticores
  A rime drake (Lair:2)
  5 spiny frogs
  3 trolls
  Prince Ribbit (D:6)
  A hornet (D:13)
  A two-headed ogre (D:8)
  5 hippogriffs
  2 dream sheep (D:9)
  20 humans (D:13)
  32 yaks
  Grum (D:8)
  3 vampire mosquitoes (D:13)
  2 hungry ghosts (D:11)
  2 basilisks
  4 wargs (D:12)
  3 porcupines
  3 soldier ants
  2 water moccasins (Lair:1)
  3 orc warriors
  An eye of draining (D:11)
  7 ice beasts
  2 phantoms
  A slave (D:6)
  2 sky beasts
  6 ogres
  2 black bears
  4 centaurs
  5 wolves
  4 crocodiles
  9 big kobolds
  A wyvern zombie (D:10)
  Blork the orc (D:6)
  11 bullfrogs
  2 wyvern skeletons
  2 scorpions
  6 killer bees (D:11)
  9 wights
  2 howler monkeys (D:6)
  2 electric eels (D:10)
  A centaur zombie (D:6)
  7 crimson imps
  2 bullfrog zombies
  3 jellies
  6 hounds
  4 orc priests
  2 bullfrog skeletons
  3 centaur skeletons
  2 iguanas
  7 orc wizards
  10 worker ants
  A hound zombie (D:7)
  3 hound skeletons
  Robin (D:3)
  2 howler monkey skeletons
  12 adders
  A worker ant zombie (D:5)
  3 gnolls (D:8)
  2 river rats (D:5)
  2 shadow imps
  2 adder skeletons (D:6)
  3 worms
  3 dart slugs
  9 leopard geckos
  36 orcs
  4 bats
  7 giant cockroaches
  8 hobgoblins
  13 jackals
  31 kobolds
  2 quokkas
  A ball python (D:1)
  14 frilled lizards
  16 goblins
  A leopard gecko zombie (D:6)
  5 rats
423 creatures vanquished.

Vanquished Creatures (collateral kills)
  A water moccasin (Lair:1)
  A crocodile (Lair:1)
2 creatures vanquished.

Vanquished Creatures (others)
  A hound (D:6)
  A leopard gecko (D:6)
  A fungus (Lair:2)
3 creatures vanquished.

Grand Total: 428 creatures vanquished

Notes
Turn   | Place    | Note
-------+----------+-------------------------------------------
     0 | D:1      | RKaid the Troll Berserker began the quest for the Orb.
     0 | D:1      | Reached XP level 1. HP: 22/22 MP: 0/0
   194 | D:1      | Reached XP level 2. HP: 29/29 MP: 1/1
   730 | D:2      | Reached ** piety under Trog
   887 | D:2      | Reached XP level 3. HP: 33/36 MP: 2/2
   981 | D:2      | Reached skill level 3 in Fighting
   981 | D:2      | Reached skill level 4 in Unarmed Combat
  1036 | D:2      | Found a shattered altar of Ashenzari.
  1036 | D:2      | Found an iron altar of Okawaru.
  1036 | D:2      | Found a sacrificial altar of Ru.
  1036 | D:2      | Found a deep blue altar of Sif Muna.
  1045 | D:2      | Found a bloodstained altar of Trog.
  1045 | D:2      | Found a blossoming altar of Fedhas.
  1235 | D:3      | Noticed Robin
  1245 | D:2      | Reached XP level 4. HP: 40/45 MP: 3/3
  1328 | D:3      | Killed Robin
  1515 | D:2      | HP: 11/45 [orc/dagger (3)]
  1589 | D:3      | Reached *** piety under Trog
  1589 | D:3      | Reached skill level 5 in Unarmed Combat
  1589 | D:3      | Reached XP level 5. HP: 39/53 MP: 4/4
  2113 | D:4      | Noticed an ogre
  2123 | D:4      | Killed an ogre
  2123 | D:4      | Reached skill level 6 in Unarmed Combat
  2123 | D:4      | Reached XP level 6. HP: 62/62 MP: 5/5
  2127 | D:4      | Reached skill level 4 in Fighting
  2446 | D:4      | Reached XP level 7. HP: 70/70 MP: 6/6
  2722 | D:5      | Entered Level 5 of the Dungeon
  2734 | D:5      | Reached skill level 7 in Unarmed Combat
  2784 | D:5      | Found Vutyilad's General Store.
  2792 | D:5      | Bought a scroll of magic mapping for 38 gold pieces
  2792 | D:5      | Bought a scroll of enchant armour for 82 gold pieces
  3158 | D:5      | Got a distressingly furry robe
  3186 | D:5      | Identified the +0 robe "Ramyguc" {Str+5} (You found it on level 5 of the Dungeon)
  3214 | D:5      | Found a shadowy altar of Dithmenos.
  3245 | D:5      | Found Wocan's Distillery.
  3248 | D:5      | Bought a potion of might for 44 gold pieces
  3335 | D:5      | Found Fop Wuve's Antique Weapon Shop.
  3650 | D:6      | Reached **** piety under Trog
  3669 | D:6      | Reached skill level 5 in Fighting
  3669 | D:6      | Reached skill level 8 in Unarmed Combat
  3694 | D:6      | Reached XP level 8. HP: 72/80 MP: 7/7
  3778 | D:6      | Noticed Blork the orc
  3781 | D:6      | Killed Blork the orc
  3817 | D:6      | Noticed a hippogriff
  3827 | D:6      | Killed a hippogriff
  3934 | D:6      | Reached skill level 9 in Unarmed Combat
  3970 | D:6      | Noticed Prince Ribbit
  3980 | D:6      | Killed Prince Ribbit
  3980 | D:6      | Reached skill level 6 in Fighting
  4051 | D:6      | Noticed Pikel
  4059 | D:6      | HP: 24/124 [slave[Pikel] (8)]
  4061 | D:6      | HP: 9/124 [slave[Pikel] (4)]
  4063 | D:6      | HP: 4/124 [slave[Pikel] (4)]
  4080 | D:6      | HP: 15/83 [Pikel/whip of flaming (7)]
  4084 | D:6      | HP: 7/83 [slave[Pikel] (5)]
  4087 | D:6      | Killed Pikel
  4087 | D:6      | Reached skill level 10 in Unarmed Combat
  4087 | D:6      | Reached XP level 9. HP: 15/92 MP: 8/8
  4828 | D:7      | Found an iron altar of Okawaru.
  5000 | D:7      | Reached skill level 11 in Unarmed Combat
  5120 | D:7      | Found a staircase to the Ecumenical Temple.
  5243 | D:7      | Reached skill level 7 in Fighting
  5910 | D:8      | Noticed Gastronok
  6346 | D:8      | Killed Gastronok
  6346 | D:8      | Reached skill level 12 in Unarmed Combat
  6346 | D:8      | Reached XP level 10. HP: 104/104 MP: 9/9
  6448 | D:8      | Reached skill level 8 in Fighting
  6638 | D:8      | Noticed Grum
  6657 | D:8      | Killed Grum
  6657 | D:8      | Reached ***** piety under Trog
  6978 | D:9      | Found Isostreaff's Antique Armour Shop.
  7069 | D:9      | Reached skill level 13 in Unarmed Combat
  7332 | D:9      | Noticed a three-headed hydra
  7338 | D:9      | Killed a seven-headed hydra
  7338 | D:9      | Reached XP level 11. HP: 113/113 MP: 10/10
  7863 | D:10     | Entered Level 10 of the Dungeon
  7975 | D:10     | Reached skill level 9 in Fighting
  8064 | D:10     | Found a hazy altar of Hepliaklqana.
  8067 | D:10     | Noticed a tengu warrior
  8075 | D:10     | HP: 43/172 [tengu warrior/uncursed long sword of slicing (4)]
  8079 | D:10     | HP: 19/172 [tengu warrior/uncursed long sword of slicing (6)]
  8082 | D:10     | Killed a tengu warrior
  8082 | D:10     | Reached skill level 14 in Unarmed Combat
  8082 | D:10     | HP: 7/172 [bullfrog (7)]
  8765 | D:11     | Noticed a hill giant
  8879 | D:11     | Received a gift from Trog
  8927 | D:11     | Noticed a green ugly thing
  8939 | D:11     | Killed a green ugly thing
  9114 | D:11     | Killed a hill giant
  9258 | D:11     | Reached skill level 15 in Unarmed Combat
  9322 | D:11     | Noticed a brown ugly thing
  9329 | D:11     | Killed a brown ugly thing
  9592 | D:11     | Reached skill level 10 in Fighting
  9663 | D:12     | Found a blossoming altar of Fedhas.
  9742 | D:12     | Reached XP level 12. HP: 118/126 MP: 11/11
  9921 | D:12     | Found a staircase to the Orcish Mines.
 10101 | D:12     | Received a gift from Trog
 10446 | D:13     | Reached skill level 16 in Unarmed Combat
 10950 | D:13     | HP: 26/127 [something (7)]
 11223 | D:13     | Found a gate to the Vaults.
 11223 | D:13     | Noticed a vault guard
 11223 | D:13     | Noticed a vault guard
 11223 | D:13     | Noticed a vault guard
 11244 | D:13     | Killed a vault guard
 11259 | D:13     | Killed a vault guard
 11259 | D:13     | Reached skill level 11 in Fighting
 11259 | D:13     | Reached skill level 17 in Unarmed Combat
 11267 | D:13     | Killed a vault guard
 11344 | D:13     | Got an ancient spear
 11473 | D:13     | Reached XP level 13. HP: 99/137 MP: 12/12
 11687 | D:10     | Found a staircase to the Lair.
 11732 | Lair:1   | Entered Level 1 of the Lair of Beasts
 11864 | Lair:1   | Noticed Harold
 11884 | Lair:1   | Killed Harold
 11884 | Lair:1   | Reached ****** piety under Trog
 11891 | Lair:1   | HP: 34/137 [poisoned by a water moccasin]
 11895 | Lair:1   | HP: 10/137 [water moccasin (10)]
 11901 | Lair:1   | HP: 19/137 [poisoned by a water moccasin]
 11906 | Lair:1   | HP: 28/137 [poisoned by a water moccasin]
 12651 | Lair:2   | Received a gift from Trog
 12660 | Lair:2   | HP: 38/205 [yak (14)]
 12665 | Lair:2   | HP: 36/205 [poisoned by a spiny frog]
 12670 | Lair:2   | HP: 23/137 [poisoned by a spiny frog]
 12675 | Lair:2   | HP: 21/137 [poisoned by a spiny frog]
 12681 | Lair:2   | HP: 23/137 [poisoned by a spiny frog]
 12687 | Lair:2   | HP: 26/137 [poisoned by a spiny frog]
 12693 | Lair:2   | HP: 31/137 [poisoned by a spiny frog]
 13000 | Lair:2   | HP: 50/205 [eight-headed hydra (7)]
 13000 | Lair:2   | HP: 21/205 [eight-headed hydra (9)]
 13000 | Lair:2   | HP: 8/205 [torpor snail (13)]
 13002 | Lair:2   | HP: 1/205 [ten-headed hydra (8)]
 13002 | Lair:2   | Mangled by a ten-headed hydra

Skill      XL: |  1  2  3  4  5  6  7  8  9 10 11 12 |
---------------+-------------------------------------+-----
Fighting       | 3 4 5 6 7 8 10 11 | 11.4
Unarmed Combat | 4 5 6 8 10 12 13 15 17 | 17.8
Dodging        | |  2.4

Action                   |  1- 3 |  4- 6 |  7- 9 | 10-12 | 13-15 || total
-------------------------+-------+-------+-------+-------+-------++-------
Melee: Unarmed           |   110 |   128 |   252 |   511 |   109 ||  1110
       Punch             |     2 |     4 |     9 |    42 |    15 ||    72
Invok: Berserk           |       |     2 |     7 |    13 |     6 ||    28
       Trog's Hand       |       |       |     1 |     1 |     1 ||     3
       Burn Spellbooks   |       |       |       |     1 |       ||     1
       Brothers in Arms  |       |       |       |       |     1 ||     1
  Use: Scroll            |       |       |    17 |     7 |     1 ||    25
       Potion            |       |       |     3 |     1 |     1 ||     5
 Stab: Sleeping          |     2 |       |       |       |       ||     2
  Eat: Chunk             |    17 |    13 |    37 |    73 |    18 ||   158
Armor: Animal skin       |    47 |    45 |    11 |       |       ||   103
       Robe              |       |       |    68 |   101 |    31 ||   200
Dodge: Dodged            |    58 |    80 |   135 |   179 |    57 ||   509

Vault maps used:
D:1:      dpeg_arrival_tiny_a
D:2:      minmay_overflow_temple_hex, minmay_lizard_pond
D:3:      uniq_robin
D:4:      first_bread, serial_park_tiny_pond, minmay_hedge_maze
D:5:      serial_shops, kennysheep_little_box, kennysheep_mini, shop_fountains,
          gup_sewer_entry_bubbles, lemuel_statue_altar
D:6:      kb_forest_paths, uniq_pikel, uniq_blork_the_orc, uniq_prince_ribbit1
D:7:      hangedman_decor_diamond_cutter, okawaru_ov_weapons_minmay
D:8:      uniq_grum, uniq_gastronok
D:9:      serial_shops, shop, hangedman_ranch
D:10:     erik_lair_island, basic_altar
D:11:     grunt_ministairs_4, minmay_misc_feat_five, grunt_decor_arrowhead,
          nrook_mini_vaults
D:12:     minmay_orc_entry_guard_dogs, basic_altar
D:13:     grunt_vaults_entry_tiered, grunt_ministairs_8
Lair:1:   uniq_harold

Table legend:
 A = Turns spent in this place as a percentage of turns spent in the entire game.
 B = Non-inter-level travel turns spent in this place as a percentage of non-inter-level travel turns spent in the entire game.
 C = Inter-level travel turns spent in this place as a percentage of turns spent in this place.
 D = Turns resting spent in this place as a percentage of non-inter-level travel turns spent in this place.
 E = Turns spent auto-exploring this place as a percentage of non-inter-level travel turns spent in this place.
 F = Non-inter-level travel turns spent in this place divided by the number of levels of this place that you've seen.
                   A       B       C       D       E      F
               +-------+-------+-------+-------+-------+----------------------
         Total | 100.0 | 100.0 |   0.4 |   3.8 |  10.1 | 257.9
       Dungeon |  92.3 |  92.2 |   0.5 |   3.6 |  10.4 | 274.5
          Lair |   7.7 |   7.8 |   0.0 |   6.0 |   6.6 | 150.5
               +-------+-------+-------+-------+-------+----------------------

Table legend:
 A = Kills in this place as a percentage of kills in entire the game.
 B = Kills by you in this place as a percentage of kills by you in the entire game.
 C = Kills by friends in this place as a percentage of kills by friends in the entire game.
 D = Other kills in this place as a percentage of other kills in the entire game.
 E = Experience gained in this place as a percentage of experience gained in the entire game.
 F = Experience gained in this place divided by the number of levels of this place that you have seen.
                   A       B       C       D       E      F
               +-------+-------+-------+-------+-------+----------------------
         Total | 100.0 | 100.0 | 100.0 |  -nan | 100.0 | 3150.5
       Dungeon |  92.5 |  92.9 |   0.0 |  -nan |  83.0 | 3017.2
          Lair |   7.5 |   7.1 | 100.0 |  -nan |  17.0 | 4016.5
               +-------+-------+-------+-------+-------+----------------------
